 Dungeon Crawl Stone Soup version 0.16-a0-2400-g1eca9a7 (webtiles) character file.

4629 PolkaDot the Summoner (level 10, -7/65 HPs)
             Began as a Vampire Summoner on Nov 18, 2014.
             Was a Priest of Sif Muna.
             Mangled by a yak (12 damage)
             ... on level 1 of the Lair of Beasts.
             The game lasted 00:31:37 (10091 turns).

PolkaDot the Summoner (Vampire Summoner)           Turns: 10091, Time: 00:31:37

Health: -7/65      AC:  9    Str:  7    XL:     10   Next: 19%
Magic:  6/16       EV: 10    Int: 20    God:    Sif Muna [***...]
Gold:   753        SH:  0    Dex: 14    Spells: 4 memorised, 3 levels left

rFire  x . .     SeeInvis +     n - +2 quarterstaff (chaos)
rCold  + . .     Clarity  .     u - +2 leather armour {MR+}
rNeg   . . .     SustAb   .     (no shield)
rPois  .         Gourm    .     (no helmet)
rElec  .         Spirit   .     o - +0 cloak
rCorr  .         Warding  .     i - +2 pair of gloves
rMut   .         Stasis   .     (no boots)
MR     ++...                    (no amulet)
Stlth  ++........               (no ring)
                                t - ring of ice

@: very slightly contaminated, regenerating quickly, very resistant to hostile
enchantments, unstealthy
A: bottle blood, fangs 3, see invisible, wild magic 1, unbreathing
a: Channel Energy, Forget Spell, Renounce Religion


You were on level 1 of the Lair of Beasts.
You worshipped Sif Muna.
Sif Muna was most pleased with you.
You were very full.

You visited 3 branches of the dungeon, and saw 12 of its levels.

You collected 753 gold pieces.

Inventory:

Hand weapons
 n - a +2 quarterstaff of chaos (weapon)
Armour
 i - a +2 pair of gloves (worn)
 o - a +0 cloak (worn)
 u - a +2 leather armour of magic resistance (worn)
Jewellery
 f - an uncursed ring of teleportation
 t - a ring of ice (left hand)
Magical devices
 c - a wand of magic darts (1)
 s - a wand of paralysis (13)
 y - a wand of lightning (1)
Scrolls
 d - 2 scrolls of random uselessness
 e - 2 scrolls of teleportation
 h - 5 scrolls of identify
 j - 2 scrolls of remove curse
 k - a scroll of recharging {unknown}
 l - 2 scrolls of immolation
 p - a scroll of noise {unknown}
 q - a scroll of enchant armour {unknown}
 r - a scroll of summoning {unknown}
 v - a scroll of magic mapping
 w - 2 scrolls of blinking
Potions
 a - 15 potions of blood {@*1}
 g - a potion of flight
 m - a potion of restore abilities
Books
 b - a book of Callings

   Spells                             Type                      Level
   *Summon Small Mammal               Summoning                    1
   *Call Imp                          Summoning                    2
   *Call Canine Familiar              Summoning                    3
   Summon Guardian Golem              Hexes/Summoning              4
   Summon Lightning Spire             Summoning/Air                4
   *Summon Ice Beast                  Ice/Summoning                4
 z - a book of Cantrips

   Spells                             Type                      Level
   Corona                             Hexes                        1
   Animate Skeleton                   Necromancy                   1
   *Summon Small Mammal               Summoning                    1
   Apportation                        Translocation                1


   Skills:
 - Level 1.0 Fighting
   Level 4.1(6.6) Polearms
 * Level 7.3(7.8) Staves
 - Level 2.1 Dodging
 - Level 3.0 Stealth
 - Level 2.0 Spellcasting
 + Level 10.4 Summonings
 - Level 5.1 Ice Magic


You had 3 spell levels left.
You knew the following spells:

 Your Spells              Type           Power        Failure   Level  Hunger
a - Summon Small Mammal   Summ           ####         1%          1    #......
d - Call Canine Familiar  Summ           ######..     3%          3    ###....
i - Summon Ice Beast      Ice/Summ       ######..     19%         4    #####..
s - Call Imp              Summ           ######..     2%          2    ##.....


Dungeon Overview and Level Annotations

Branches:
Dungeon (10/15)            Temple (1/1) D:4            Lair (1/8) D:10
    Orc: D:9-12

Altars:
Ashenzari
Cheibriados
Dithmenos
Elyvilon
Fedhas
Gozag
Kikubaaqudgha
Makhleb
Nemelex Xobeh
Okawaru
Qazlal
Ru
Sif Muna
Trog
Vehumet
Xom
Yredelemnul
Zin
The Shining One

Annotations:
D:1 runed door


Innate Abilities, Weirdness & Mutations

Your natural rate of healing is unusually fast.
You can bottle blood from corpses.
You have razor-sharp teeth.
You have supernaturally acute eyesight.
You can survive without breathing.
Your spells are a little harder to cast, but a little more powerful.


Message History

Blink to where?
Press: ? - help, Dir - move target cursor
As you read the scroll of blinking, it crumbles to dust.
You are very lightly contaminated with residual magic.
Casting: Call Canine Familiar
Confirm with . or Enter, or press ? or * to list all spells.
You feel a surge of power! A chill wind blows around you.
Casting: Summon Ice Beast
Confirm with . or Enter, or press ? or * to list all spells.
You feel a surge of power! A chill wind blows around you.
Your ice beast freezes the yak!!
The yak dies!
Read which item? (? for menu, Esc to quit)
Okay, then.
Okay, then.
Unknown command.
Drink which item? (? for menu, Esc to quit)
Okay, then.
The yak gores you!
You die...

+..........## ###
#...........# #
######'###### # #..###### #
. ##.##.##.# ...
#..Y...†### ....
#####...h...#P#.+ .....
+..##.YY........#
.......#.#.#@Y.....####...#
......YY...#.......##
...).>?.#...........#
......##.##.......## ......
####.÷.....# ....)
#####P### #### ###


You could see 2 yaks, a friendly warg and 2 friendly ice beasts.

Vanquished Creatures
  2 yaks (Lair:1)
  A wraith (D:10)
  A human (D:8)
  An orc warrior (D:5)
  A porcupine (Lair:1)
  A phantom (D:8)
  A necrophage (D:8)
  A centaur (D:10)
  An ogre (D:9)
  13 giant frogs
  A wyvern zombie (D:10)
  2 scorpions
  5 killer bees (D:7)
  4 wights
  A crimson imp (D:6)
  2 jellies
  2 orc priests
  3 hounds
  A centaur skeleton (D:6)
  2 orc wizards (D:5)
  A killer bee zombie (D:7)
  4 sheep (D:8)
  A worker ant (D:6)
  2 worker ant zombies
  Terence (D:3)
  4 gnolls (D:9)
  A shadow imp (D:8)
  7 adders
  2 worms
  3 oozes
  4 giant geckos
  13 orcs
  7 bats
  9 giant cockroaches
  9 goblins
  8 hobgoblins
  14 jackals
  11 kobolds
  4 quokkas
  A ball python (D:5)
  A ball python zombie (D:5)
  A giant gecko skeleton (D:9)
  5 giant newts
  6 rats
  A rat zombie (D:9)
  A plant (D:10)
167 creatures vanquished.

Vanquished Creatures (collateral kills)
  2 hill giants (D:10)
  A troll (D:10)
  The ghost of zkyp the Chiller, an average HEIE (D:5)
  A yak (Lair:1)
  A hippogriff (D:9)
  An orc warrior (D:10)
  A necrophage (D:5)
  A sky beast (D:9)
  A black bear (D:7)
  A gnoll sergeant (D:9)
  A scorpion (D:7)
  6 killer bees
  A crimson imp (D:10)
  2 hounds
  Crazy Yiuf (D:3)
  An orc priest (D:7)
  An orc wizard (D:8)
  An iguana (D:7)
  Ijyb (D:2)
  6 adders
  2 gnolls (D:9)
  A giant mite (D:7)
  An adder skeleton (D:10)
  An ooze (D:1)
  4 orcs
  2 bats
  A hobgoblin (D:10)
  A jackal (D:1)
  2 giant cockroaches (D:1)
  2 kobolds
  5 rats
  A ballistomycete (D:8)
  A plant (D:10)
56 creatures vanquished.

Vanquished Creatures (others)
  A warg (D:10)
  2 wolves
  7 crimson imps
  4 hounds
  An iron imp (D:7)
  An orc priest (D:8)
  2 shadow imps
  A white imp (D:5)
  A giant spore (D:8)
  A ballistomycete (D:8)
21 creatures vanquished.

Grand Total: 244 creatures vanquished

Notes
Turn   | Place    | Note
--------------------------------------------------------------
     0 | D:1      | PolkaDot, the Vampire Summoner, began the quest for the Orb.
     0 | D:1      | Reached XP level 1. HP: 13/13 MP: 3/3
     1 | D:1      | Found a runed door.
   263 | D:1      | Reached skill level 1 in Fighting
   286 | D:1      | Reached XP level 2. HP: 2/21 MP: 4/4
   465 | D:1      | Reached skill level 1 in Polearms
  1076 | D:1      | Learned a level 2 spell: Call Imp
  1109 | D:1      | Reached XP level 3. HP: 14/26 MP: 1/6
  1551 | D:2      | Noticed Ijyb
  1570 | D:2      | Killed Ijyb
  1635 | D:2      | Found an iron altar of Okawaru.
  1751 | D:2      | Reached XP level 4. HP: 32/32 MP: 0/7
  1756 | D:2      | Learned a level 3 spell: Call Canine Familiar
  2100 | D:3      | Noticed Terence
  2121 | D:3      | Killed Terence
  2571 | D:3      | Found a burning altar of Makhleb.
  2590 | D:3      | Reached XP level 5. HP: 20/37 MP: 5/9
  2736 | D:3      | Noticed Crazy Yiuf
  2803 | D:3      | Killed Crazy Yiuf
  2983 | D:4      | Reached skill level 1 in Staves
  3035 | D:4      | Found a staircase to the Ecumenical Temple.
  3055 | Temple   | Entered the Ecumenical Temple
  3362 | Temple   | Became a worshipper of Sif Muna the Loreminder
  3641 | D:4      | Found a shimmering altar of Xom.
  3642 | D:4      | Found a blossoming altar of Fedhas.
  3843 | D:4      | Reached XP level 6. HP: 34/43 MP: 10/10
  3928 | D:5      | Entered Level 5 of the Dungeon
  4019 | D:5      | Reached skill level 5 in Summonings
  4048 | D:5      | Reached XP level 7. HP: 37/48 MP: 2/12
  4077 | D:5      | Reached skill level 6 in Summonings
  4222 | D:5      | Noticed zkyp's ghost (average HEIE)
  4228 | D:5      | Killed zkyp's ghost
  4228 | D:5      | Acquired Sif Muna's first power
  4240 | D:5      | Learned a level 4 spell: Summon Ice Beast
  4419 | D:5      | Found a burning altar of Makhleb.
  4419 | D:5      | Found a sparkling altar of Nemelex Xobeh.
  4439 | D:5      | Gained mutation: You have a pair of small horns on your head. [potion of mutation]
  4439 | D:5      | Lost mutation: You have a pair of small horns on your head. [potion of mutation]
  4439 | D:5      | Gained mutation: Your spells are a little harder to cast, but a little more powerful. [potion of mutation]
  5068 | D:6      | Reached skill level 1 in Ice Magic
  5589 | D:7      | Acquired Sif Muna's second power
  5589 | D:7      | Reached skill level 7 in Summonings
  5589 | D:7      | Reached XP level 8. HP: 27/54 MP: 6/13
  6609 | D:7      | Reached skill level 5 in Ice Magic
  7282 | D:8      | Found an iron altar of Okawaru.
  7302 | D:8      | Reached skill level 8 in Summonings
  7918 | D:8      | Reached XP level 9. HP: 57/59 MP: 14/14
  8195 | D:8      | Reached skill level 9 in Summonings
  8482 | D:9      | Found a sparkling altar of Nemelex Xobeh.
  8743 | D:9      | Reached skill level 5 in Staves
  9130 | D:10     | Entered Level 10 of the Dungeon
  9259 | D:10     | Noticed a hill giant
  9279 | D:10     | Killed a hill giant
  9279 | D:10     | Reached skill level 10 in Summonings
  9337 | D:10     | Found a shimmering altar of Xom.
  9357 | D:10     | Found a staircase to the Lair.
  9515 | D:10     | Noticed a hill giant
  9525 | D:10     | Killed a hill giant
  9525 | D:10     | Reached XP level 10. HP: 58/65 MP: 4/16
  9919 | Lair:1   | Entered Level 1 of the Lair of Beasts
 10091 | Lair:1   | Mangled by a yak

Action                   |  1- 3 |  4- 6 |  7- 9 | 10-12 || total
-------------------------+-------+-------+-------+-------++-------
Melee: Spear             |   125 |    63 |       |       ||   188
       Unarmed           |     6 |       |       |       ||     6
       Quarterstaff      |       |    48 |   323 |    61 ||   432
 Cast: Summon Small Mamm |     3 |       |     1 |       ||     4
       Call Imp          |     9 |    20 |    19 |       ||    48
       Call Canine Famil |       |    10 |    13 |     1 ||    24
       Summon Ice Beast  |       |       |     7 |     2 ||     9
Invok: Channel Energy    |       |       |     6 |       ||     6
Evoke: Wand              |    10 |     3 |    10 |       ||    23
  Use: Potion            |     1 |     7 |    29 |     4 ||    41
       Scroll            |       |     2 |    10 |     1 ||    13
 Stab: Sleeping          |     4 |     9 |    13 |     2 ||    28
       Distracted        |     1 |     2 |     1 |       ||     4
       Paralysed         |       |       |     4 |       ||     4
       Confused          |       |       |     2 |       ||     2
       Petrifying        |       |       |     2 |       ||     2
  Eat: Corpse            |    14 |    10 |    18 |       ||    42
